 Dungeon Crawl Stone Soup version 0.23-a0-32-g1388f29 (webtiles) character file.

37 Amnesiac the Digger (level 3, -2/24 HPs)
             Began as a Mummy Earth Elementalist on Aug 4, 2018.
             Slain by a mummy (18 damage)
             ... in an ossuary.
             The game lasted 00:02:18 (692 turns).

Amnesiac the Digger (Mummy Earth Elementalist)       Turns: 692, Time: 00:02:18

Health: -2/24      AC:  2    Str: 11    XL:     3   Next: 21%
Magic:  0/7        EV: 12    Int: 15    God:
Gold:   26         SH:  0    Dex: 12    Spells: 7/8 levels left

rFire    x . .     SeeInvis .   a - staff of conjuration
rCold    + . .     Gourm    .   (no shield)
rNeg     + + +     Faith    .   c - +0 robe
rPois    ∞         Spirit   .   (no helmet)
rElec    .         Reflect  .   (no cloak)
rCorr    .         Harm     .   (no gloves)
MR       .....                  (no boots)
Stlth    ++........             (no amulet)
HPRegen  0.08/turn              (no ring)
MPRegen  0.10/turn              (no ring)

@: no status effects
A: no food or potions, fire vulnerability, cold resistance 1, negative energy
resistance 3, torment resistance, unbreathing
a: no special abilities


You were in an ossuary.
You were not hungry.

You visited 1 branch of the dungeon, and saw 5 of its levels.
You also visited: Ossuary.

You collected 26 gold pieces.

Inventory:

Missiles
 b - 10 stones (quivered)
Armour
 c - a +0 robe (worn)
Magical Staves
 a - an uncursed staff of conjuration (weapon)
Jewellery
 e - an uncursed ring of wizardry {unknown}
Scrolls
 d - a scroll of enchant armour {!r, unknown}


   Skills:
 - Level 1.5 Dodging
 - Level 1.5 Stealth
 + Level 3.2 Spellcasting
   Level 0.7 Transmutations
 * Level 3.3 Earth Magic


You had 7 spell levels left.
You knew the following spells:

 Your Spells              Type           Power        Failure   Level  Hunger
a - Sandblast             Erth           ##....       4%          1    N/A

Your spell library contained the following spells:

 Spells                   Type           Power        Failure   Level  Hunger
 Stone Arrow              Conj/Erth      ##....       30%         3    N/A
 Passwall                 Tmut/Erth      #.......     13%         2    N/A
 Lee's Rapid Deconstruct  Erth           ##........   80%         5    N/A
 Petrify                  Tmut/Erth      #.......     63%         4    N/A

Dungeon Overview and Level Annotations

Branches:
Dungeon (5/15)
 Temple: D:4-7

Altars:
Ru

Annotations:
D:4 2 transporters, exclusion: worker ant, eyesofgods1's ghost, amateur NaWz


Innate Abilities, Weirdness & Mutations

You do not eat or drink.
Your flesh is vulnerable to fire.
You are immune to poison.
Your flesh is cold resistant. (rC+)
You are immune to negative energy. (rN+++)
You are immune to unholy pain and torment.
You can survive without breathing.


Message History

Aim: a mummy (lightly damaged)
The blast of sand hits the mummy.
The mummy is moderately damaged.
b - 14 stones
Casting: Sandblast (safe; 4% risk of failure)
Confirm with . or Enter, or press ? or * to list all spells.
You don't have enough magic to cast that spell.
Casting: Sandblast (safe; 4% risk of failure)
Confirm with . or Enter, or press ? or * to list all spells.
You don't have enough magic to cast that spell.
Casting: Sandblast (safe; 4% risk of failure)
Confirm with . or Enter, or press ? or * to list all spells.
You don't have enough magic to cast that spell.
The mummy hits you!
Casting: Sandblast (safe; 4% risk of failure)
Confirm with . or Enter, or press ? or * to list all spells.
You can't see any susceptible monsters within range! (Use Z to cast anyway.)
Casting: Sandblast (safe; 4% risk of failure)
Confirm with . or Enter, or press ? or * to list all spells.
You can't see any susceptible monsters within range! (Use Z to cast anyway.)
Casting: Sandblast (safe; 4% risk of failure)
Confirm with . or Enter, or press ? or * to list all spells.
Aiming: Sandblast (safe; 4% risk of failure)
Press: ? - help, Shift-Dir - straight line, f/p - mummy
Aim: a mummy (moderately damaged)
The blast of sand hits the mummy.
The mummy is heavily damaged.
b - 13 stones Unknown command.
Your magical contamination has completely faded away.
Casting: Sandblast (safe; 4% risk of failure)
Confirm with . or Enter, or press ? or * to list all spells.
Aiming: Sandblast (safe; 4% risk of failure)
Press: ? - help, Shift-Dir - straight line, f/p - mummy
Aim: a mummy (heavily damaged)
The blast of sand hits the mummy.
The mummy is almost destroyed.
b - 12 stones Unknown command.
A gnoll zombie comes into view.
Casting: Sandblast (safe; 4% risk of failure)
Confirm with . or Enter, or press ? or * to list all spells.
Aiming: Sandblast (safe; 4% risk of failure)
Press: ? - help, Shift-Dir - straight line, f/p - mummy
Aim: a mummy (almost destroyed)
The blast of sand misses the mummy.
b - 11 stones Unknown command.
A mummy comes into view.
There is an empty arch of ancient stone here.
Casting: Sandblast (safe; 4% risk of failure)
Confirm with . or Enter, or press ? or * to list all spells.
Aiming: Sandblast (safe; 4% risk of failure)
Press: ? - help, Shift-Dir - straight line, f/p - mummy
Aim: a mummy (severely damaged)
The blast of sand hits the mummy.
The mummy is almost destroyed.
b - 10 stones Unknown command.
You aren't carrying any items that you can evoke.
Unknown command.
The mummy hits you!!
Ouch! That really hurt!
You die...

##### ##...##
##.....##
#...∩...#
#.......#
#...∩...#
##..@..##
##ZM.## #...#
#####...#####
#...........#
##.....M...##
#...........#
##.........##
#...........#


You could see 2 mummies and a gnoll zombie.

Vanquished Creatures
  A worker ant (D:4)
  An ooze (D:5)
  2 gnoll zombies (Ossuary)
  A goblin (D:3)
  A frilled lizard (D:2)
  2 goblin zombies (Ossuary)
  A hobgoblin zombie (Ossuary)
  2 orc zombies (Ossuary)
11 creatures vanquished.

Notes
Turn   | Place    | Note
-------+----------+-------------------------------------------
     0 | D:1      | Amnesiac the Mummy Earth Elementalist began the quest for the Orb.
     0 | D:1      | Reached XP level 1. HP: 13/13 MP: 4/4
    24 | D:2      | You fall through a shaft for 2 floors!
    38 | D:5      | Entered Level 5 of the Dungeon
    56 | D:4      | Noticed a worker ant
   158 | D:4      | Found a sacrificial altar of Ru.
   221 | D:4      | Found a transporter.
   221 | D:4      | Noticed an ogre
   221 | D:4      | Noticed an ogre
   221 | D:4      | Noticed eyesofgods1's ghost (amateur NaWz)
   222 | D:4      | Noticed an ogre
   260 | D:4      | Found a transporter.
   273 | D:4      | Noticed a worker ant
   300 | D:4      | Killed a worker ant
   300 | D:4      | Reached XP level 2. HP: 14/19 MP: 0/6
   300 | D:4      | Reached XP level 3. HP: 18/24 MP: 0/7
   332 | D:5      | Found a sand-covered staircase.
   339 | Ossuary  | Entered an ossuary
   692 | Ossuary  | Slain by a mummy

Vault maps used:
D:1:      minmay_arrival_four_houses
D:2:      fedhas_altar_2, makhleb_blood_cavern_becter, uniq_natasha
D:3:      minmay_goblin_kobold_castle, nicolae_overflow_crystal_walls,
          roderic_roman_lattice
D:4:      kennysheep_mini_moat, nicolae_qazlal_style_of_elements,
          minmay_temple_entry_grid, gammafunk_ghost_smash, serial_shops,
          nicolae_shop_competitors_out_of_business, first_ration, minivault_24,
          solitary_fountain, uniq_blork_the_orc
D:5:      enter_ossuary_4, basic_altar, kennysheep_slug_shrine
Ossuary:  minmay_ossuary_gauntlet

Skill      XL: |  1 |
---------------+----+-----
Spellcasting   | 3 |  3.2
Earth Magic    | 3 |  3.3
Dodging        | |  1.5
Stealth        | |  1.5
Transmutations | |  0.7

Action                   || total
-------------------------++-------
Melee: Staff             ||    46
       Unarmed           ||     4
 Cast: Sandblast         ||    20
Armor: Robe              ||    11
Dodge: Dodged            ||    47

Table legend:
 A = Spawn XP
 B = Non-spawn XP
 C = Spawn XP percentage of total XP
 D = Spawn monster count
 E = Non-spawn monster count
 F = Spawn count percentage of total count
 G = Total turns spent on level
                    A         B        C        D         E        F      G
               +---------+---------+-------+---------+---------+-------+---------
         Total |       0 |      53 |   0.0 |       0 |      11 |   0.0 |   692
               +---------+---------+-------+---------+---------+-------+---------
           D:2 |       0 |       1 |   0.0 |       0 |       1 |   0.0 |    15
           D:3 |       0 |       2 |   0.0 |       0 |       1 |   0.0 |    27
           D:4 |       0 |      34 |   0.0 |       0 |       1 |   0.0 |   264
           D:5 |       0 |       7 |   0.0 |       0 |       1 |   0.0 |    20
       Ossuary |       0 |       9 |   0.0 |       0 |       7 |   0.0 |   353
               +---------+---------+-------+---------+---------+-------+---------
